 Dungeon Crawl Stone Soup version 0.20.1-1-g8b1a95d (webtiles) character file.

18574 vatarom the Grappler (level 12, -6/133 HPs)
             Began as a Troll Transmuter on Sept 20, 2017.
             Was a Priest of Ashenzari.
             Mangled by a five-headed hydra (8 damage)
             ... on level 1 of the Lair of Beasts.
             The game lasted 00:27:52 (11391 turns).

vatarom the Grappler (Troll Transmuter)            Turns: 11391, Time: 00:27:52

Health: -6/133     AC:  5    Str: 23    XL:     12   Next: 28%
Magic:  11/12      EV: 16    Int:  9    God:    Ashenzari [***...]
Gold:   727        SH:  0    Dex: 14    Spells: 3/13 levels left

rFire    x . .     SeeInvis +     - Unarmed
rCold    + + +     Gourm    +   (shield currently unavailable)
rNeg     . . .     Faith    .   (armour currently unavailable)
rPois    +         Spirit   .   (helmet currently unavailable)
rElec    .         Reflect  .   (cloak currently unavailable)
rCorr    .         Harm     .   (gloves unavailable)
MR       .....                  (boots unavailable)
Stlth    +.........             (no amulet)
Regen    0.8/turn               j - ring of wizardry (curse)
MPRegen  0.2/turn               x - +3 ring of slaying (curse)

@: ice-form (expiring)
A: unfitting armour, fast metabolism 3, gourmand, regeneration 1, strong 1
a: End Transformation, Curse Item, Scrying, Renounce Religion


You were on level 1 of the Lair of Beasts.
You worshipped Ashenzari.
Ashenzari was most pleased with you.
You were completely stuffed.
You were a creature of crystalline ice.
You visited 3 branches of the dungeon, and saw 14 of its levels.

You collected 727 gold pieces.

Inventory:

Missiles
 a - 160 arrows
 k - 8 javelins
 H - 5 large rocks (quivered)
Armour
 b - a cursed +1 robe (melded)
 o - a cursed +2 cloak (melded)
 A - the cursed -9 large shield of the Orcish Mines {+Fly rF+ rC+ Dex-4}
   (You acquired it on level 11 of the Dungeon)

   It affects your dexterity (-4).
   It protects you from fire.
   It protects you from cold.
   It lets you fly.
   It has a curse placed upon it.
Jewellery
 j - a cursed ring of wizardry (left front paw)
 q - an uncursed ring of stealth
 t - an uncursed ring of positive energy
 x - a cursed +3 ring of slaying (right front paw)
 C - a +1 ring of protection
Wands
 g - a wand of flame (25/48)
 m - a wand of acid (14/15)
 v - a wand of iceblast (6/15)
 y - a wand of polymorph (6/24)
Scrolls
 e - 3 scrolls of identify
 p - a scroll of remove curse
 r - 2 scrolls of teleportation
 u - a scroll of enchant armour
 w - 2 scrolls of blinking
 B - a scroll of fog
 D - a scroll of magic mapping
 F - a scroll of recharging
Potions
 f - a potion of resistance
 i - a potion of cancellation
 l - 2 potions of curing
 s - a potion of lignification
 G - a potion of invisibility
 I - a potion of magic
Books
 c - a book of Changes

   Spells                             Type                      Level
   a - Beastly Appendage              Transmutation                1
   b - Sticks to Snakes               Transmutation                2
   c - Spider Form                    Transmutation/Poison         3
   d - Ice Form                       Ice/Transmutation            4
   e - Blade Hands                    Transmutation                5
Comestibles
 d - 10 bread rations
 h - 10 meat rations
 n - 10 fruits
 z - 2 royal jellies
 J - 14 chunks of flesh


   Skills:
 - Level 5.4 Fighting
 - Level 6.5 Throwing
 - Level 8.0(9.9) Dodging
 * Level 3.7 Shields
 + Level 12.0 Unarmed Combat
 - Level 1.2 Spellcasting
 * Level 7.0(9.0) Transmutations


You had 3 spell levels left.
You knew the following spells:

 Your Spells              Type           Power        Failure   Level  Hunger
a - Beastly Appendage     Tmut           ###...       1%          1    ##.....
b - Sticks to Snakes      Tmut           ###.....     1%          2    ###....
c - Spider Form           Tmut/Pois      #.........   6%          3    ####...
d - Ice Form              Ice/Tmut       #.......     21%         4    #####..


Dungeon Overview and Level Annotations

Branches:
Dungeon (12/15)            Temple (1/1) D:6            Lair (1/6) D:9
    Orc (0/2) D:10

Altars:
Ashenzari
Cheibriados
Dithmenos
Fedhas
Gozag
Hepliaklqana
Kikubaaqudgha
Nemelex Xobeh
Okawaru
Qazlal
Ru
Sif Muna
Trog
Uskayaw
Vehumet
Xom
Yredelemnul
Zin
The Shining One

Shops:
D:9 (   D:12 *

Annotations:
Lair:1 exclusion: oklob plant


Innate Abilities, Weirdness & Mutations

You are too large for most types of armour.
((You have claws for hands.))
Your metabolism is lightning-fast.
You like to eat raw meat.
Your natural rate of healing is unusually fast.
((You are covered in fur. (AC +1)))
((You have very tough skin. (AC +2)))
((You are partially covered in icy blue scales. (AC +2)))
Your muscles are strong. (Str +2)


Message History

* * * LOW HITPOINT WARNING * * *
The five-headed hydra misses you.
The five-headed hydra closely misses you.
You punch the five-headed hydra!
The five-headed hydra seems to slow down.
You freeze the five-headed hydra.
The five-headed hydra is severely wounded.
Unknown command.
You hit the five-headed hydra. You freeze the five-headed hydra.
The five-headed hydra is severely wounded.
The five-headed hydra bites you!
* * * LOW HITPOINT WARNING * * *
The five-headed hydra bites you.
* * * LOW HITPOINT WARNING * * *
The five-headed hydra bites you.
* * * LOW HITPOINT WARNING * * *
The five-headed hydra bites you!
* * * LOW HITPOINT WARNING * * *
The five-headed hydra bites you!
You die...

##,,,....** #.#, ... * #
##.#*#.### * P##*, *
###.#.##.#.###### * ... ,
................. , ... ,
................. , ### *
P#######...##... * * ###
* #######D..# *
..########P#.##PY..#### *
........................
, ,
.............÷..........
, ,
......................#.#
, ............÷÷.......##
# .....................#
* *
....................... ,
#.#....................
,,
>....###.....########## ,
,


You could see a five-headed hydra.

Vanquished Creatures
  A hydra (Lair:1)
  Harold (D:11)
  2 two-headed ogres
  2 unseen horrors
  A cyclops (D:11)
  The ghost of Ratty the Conjurer, a novice OpAE of Sif Muna (D:6)
  Joseph (Lair:1)
  Psyche (D:12)
  A spiny frog (Lair:1)
  A komodo dragon (D:9)
  The ghost of Reigninblood988 the Chopper, an amateur MiFi (D:4)
  Grinder (D:4)
  2 trolls
  Prince Ribbit (D:6)
  5 hippogriffs
  Sigmund (D:4)
  37 yaks
  A wyvern (D:8)
  A hungry ghost (D:10)
  Edmund (D:4)
  A warg (D:10)
  A water moccasin (Lair:1)
  A black bear (D:6)
  4 orc warriors
  2 sky beasts
  2 ice beasts
  4 ogres
  A centaur (D:6)
  A phantom (D:5)
  3 big kobolds
  4 bullfrogs
  A wyvern skeleton (D:8)
  4 scorpions
  18 killer bees
  A howler monkey (D:5)
  5 wights (D:11)
  7 crimson imps
  3 bullfrog zombies
  A centaur zombie (D:12)
  4 jellies
  A quasit (D:8)
  A bullfrog skeleton (D:10)
  3 hounds
  Crazy Yiuf (D:2)
  13 orc priests
  A centaur skeleton (D:9)
  7 orc wizards
  3 iguanas
  Ijyb (D:4)
  8 worker ants
  A hound skeleton (D:8)
  A worker ant zombie (D:11)
  3 gnolls (D:6)
  17 adders
  5 shadow imps
  An ooze (D:3)
  An adder skeleton (D:6)
  3 worms
  3 dart slugs
  7 leopard geckos
  41 orcs
  3 ball pythons (D:4)
  4 bats
  6 giant cockroaches
  5 hobgoblins
  12 jackals
  4 quokkas
  2 frilled lizards
  A giant cockroach zombie (D:5)
  6 goblins
  25 kobolds
  A leopard gecko skeleton (D:4)
  9 rats
  2 fungi (D:2)
333 creatures vanquished.

Vanquished Creatures (collateral kills)
  A bullfrog skeleton (D:4)
  A goblin (D:3)
2 creatures vanquished.

Vanquished Creatures (others)
  13 plants
13 creatures vanquished.

Grand Total: 348 creatures vanquished

Notes
Turn   | Place    | Note
-------+----------+-------------------------------------------
     0 | D:1      | vatarom the Troll Transmuter began the quest for the Orb.
     0 | D:1      | Reached XP level 1. HP: 18/18 MP: 1/1
    36 | D:1      | Reached skill level 1 in Fighting
   127 | D:1      | Reached XP level 2. HP: 25/27 MP: 2/2
   256 | D:1      | Gained mutation: You are occasionally teleported next to monsters. [potion of mutation]
   256 | D:1      | Gained mutation: You are agile. (Dex +2) [potion of mutation]
   558 | D:1      | Reached XP level 3. HP: 31/33 MP: 3/3
   584 | D:1      | Learned a level 2 spell: Sticks to Snakes
   863 | D:2      | Reached skill level 4 in Unarmed Combat
  1038 | D:2      | Reached XP level 4. HP: 41/42 MP: 4/4
  1310 | D:2      | Found a hazy altar of Hepliaklqana.
  1444 | D:2      | Found a runed door.
  1448 | D:2      | Noticed Crazy Yiuf
  1453 | D:2      | Paralysed by Crazy Yiuf for 7 turns
  1469 | D:2      | Killed Crazy Yiuf
  1802 | D:3      | Lost mutation: You are occasionally teleported next to monsters. [potion of mutation]
  1802 | D:3      | Lost mutation: You are agile. (Dex +2) [potion of mutation]
  1802 | D:3      | Gained mutation: Your body sometimes deteriorates upon taking damage. [potion of mutation]
  1802 | D:3      | Gained mutation: You have an increased reservoir of magic. (+10% MP) [potion of mutation]
  1802 | D:3      | Gained mutation: Your spells are a little harder to cast, but a little more powerful. [potion of mutation]
  2028 | D:3      | Reached XP level 5. HP: 49/49 MP: 6/6
  2407 | D:4      | Noticed an ogre
  2556 | D:4      | Noticed Grinder
  2557 | D:4      | Paralysed by Grinder for 7 turns
  2566 | D:4      | Paralysed by Grinder for 7 turns
  2672 | D:4      | Killed Grinder
  2672 | D:4      | Reached skill level 5 in Unarmed Combat
  2672 | D:4      | Reached XP level 6. HP: 54/59 MP: 7/7
  2682 | D:4      | Noticed Sigmund
  2721 | D:4      | Killed Sigmund
  2721 | D:4      | Reached skill level 6 in Unarmed Combat
  2721 | D:4      | Reached XP level 7. HP: 49/67 MP: 8/8
  2725 | D:4      | Lost mutation: Your spells are a little harder to cast, but a little more powerful. [potion of mutation]
  2725 | D:4      | Lost mutation: Your body sometimes deteriorates upon taking damage. [potion of mutation]
  2725 | D:4      | Lost mutation: You have an increased reservoir of magic. (+10% MP) [potion of mutation]
  2725 | D:4      | Gained mutation: Your muscles are strong. (Str +2) [potion of mutation]
  2725 | D:4      | Gained mutation: You are partially covered in icy blue scales. (AC +2) [potion of mutation]
  2738 | D:4      | Found a sacrificial altar of Ru.
  2755 | D:4      | Noticed Edmund
  2768 | D:4      | Killed Edmund
  2827 | D:4      | Noticed Reigninblood988's ghost (amateur MiFi)
  2983 | D:4      | Noticed Ijyb
  2986 | D:4      | Killed Ijyb
  3138 | D:4      | Found a basalt altar of Yredelemnul.
  3198 | D:4      | Reached skill level 7 in Unarmed Combat
  3212 | D:4      | Killed Reigninblood988's ghost
  3212 | D:4      | Reached XP level 8. HP: 78/78 MP: 8/8
  3421 | D:5      | Entered Level 5 of the Dungeon
  3935 | D:5      | Reached skill level 8 in Unarmed Combat
  4476 | D:6      | Noticed Prince Ribbit
  4489 | D:6      | Killed Prince Ribbit
  4489 | D:6      | Reached skill level 5 in Fighting
  4489 | D:6      | Reached skill level 5 in Dodging
  4763 | D:6      | Found a staircase to the Ecumenical Temple.
  4775 | Temple   | Entered the Ecumenical Temple
  4876 | Temple   | Became a worshipper of Ashenzari the Shackled
  4997 | D:6      | Reached XP level 9. HP: 74/88 MP: 9/9
  5064 | D:6      | Noticed Ratty's ghost (novice OpAE)
  5074 | D:6      | Killed Ratty's ghost
  5074 | D:6      | Reached skill level 9 in Unarmed Combat
  5581 | D:7      | Reached skill level 1 in Throwing
  6299 | D:7      | Found a glowing golden altar of the Shining One.
  6416 | D:7      | Reached * piety under Ashenzari
  6529 | D:8      | Identified the cursed +0 ring mail of Ziret {Slay+2}
  6792 | D:8      | Reached skill level 10 in Unarmed Combat
  7312 | D:8      | Reached XP level 10. HP: 87/96 MP: 10/10
  7705 | D:9      | Reached ** piety under Ashenzari
  7798 | D:9      | Found Geosmit's Antique Weapon Boutique.
  7844 | D:9      | Found a staircase to the Lair.
  8066 | D:9      | Reached skill level 5 in Throwing
  8802 | D:10     | Entered Level 10 of the Dungeon
  8995 | D:10     | Killed an unseen horror
  8995 | D:10     | Reached XP level 11. HP: 26/104 MP: 11/11
  9098 | D:10     | Noticed a two-headed ogre
  9103 | D:10     | Killed a two-headed ogre
  9165 | D:10     | Found a staircase to the Orcish Mines.
  9182 | D:10     | Learned a level 3 spell: Spider Form
  9189 | D:10     | Reached skill level 11 in Unarmed Combat
  9817 | D:11     | Noticed Harold
  9830 | D:11     | Killed Harold
  9830 | D:11     | Reached skill level 5 in Transmutations
  9846 | D:11     | Reached *** piety under Ashenzari
 10013 | D:11     | Noticed a two-headed ogre
 10023 | D:11     | Killed a two-headed ogre
 10391 | D:11     | Identified a scroll of acquirement
 10392 | D:11     | Got the cursed large shield of the Orcish Mines {+Fly rF+ rC+ Dex-4}
 10588 | D:11     | Noticed an unseen horror
 10603 | D:11     | Killed an unseen horror
 10603 | D:11     | Reached skill level 1 in Shields
 10725 | D:12     | Found Romudgho's Assorted Antiques.
 10775 | D:12     | Noticed Psyche
 10777 | D:12     | Noticed a death knight
 10783 | D:12     | Killed Psyche
 10908 | D:11     | Reached XP level 12. HP: 77/111 MP: 12/12
 11055 | Lair:1   | Entered Level 1 of the Lair of Beasts
 11243 | Lair:1   | Noticed Joseph
 11254 | Lair:1   | Killed Joseph
 11332 | Lair:1   | Learned a level 4 spell: Ice Form
 11355 | Lair:1   | Noticed a four-headed hydra
 11369 | Lair:1   | Reached skill level 12 in Unarmed Combat
 11373 | Lair:1   | Killed a four-headed hydra
 11377 | Lair:1   | Noticed a five-headed hydra
 11391 | Lair:1   | HP: 2/133 [five-headed hydra (12)]
 11391 | Lair:1   | Mangled by a five-headed hydra

Skill      XL: |  1  2  3  4  5  6  7  8  9 10 11 12 |
---------------+-------------------------------------+-----
Fighting       | 1 2 3 4 5 |  5.4
Dodging        | 2 3 4 5 6 7 8 |  8.0
Unarmed Combat | 4 5 6 7 8 10 11 12 | 12.0
Throwing       | 4 6 |  6.5
Transmutations | 3 6 7 |  7.0
Shields        | 2 3 |  3.7
Spellcasting   | |  1.2

Action                   |  1- 3 |  4- 6 |  7- 9 | 10-12 || total
-------------------------+-------+-------+-------+-------++-------
Melee: Unarmed           |    91 |    99 |   415 |   507 ||  1112
       Punch             |     2 |     4 |     9 |    26 ||    41
Throw: Javelin           |       |       |     1 |     9 ||    10
 Cast: Beastly Appendage |     2 |       |       |       ||     2
       Sticks to Snakes  |       |     4 |       |       ||     4
       Spider Form       |       |       |       |     1 ||     1
       Ice Form          |       |       |       |     1 ||     1
Invok: Curse Item        |       |       |     2 |     2 ||     4
Evoke: Wand              |       |       |     2 |     1 ||     3
  Use: Potion            |     4 |     9 |     6 |     5 ||    24
       Scroll            |     4 |     3 |     7 |    12 ||    26
 Stab: Sleeping          |     2 |     1 |     6 |     1 ||    10
       Distracted        |       |     1 |       |     2 ||     3
       Paralysed         |       |       |     1 |       ||     1
  Eat: Chunk             |     7 |    17 |    38 |    50 ||   112
       Bread ration      |       |       |     1 |       ||     1
       Fruit             |       |       |       |     1 ||     1
Armor: Robe              |    32 |    36 |   118 |   144 ||   330
       Skin              |       |    12 |     3 |    42 ||    57
Dodge: Dodged            |    57 |    29 |   263 |   412 ||   761
